 Dungeon Crawl Stone Soup version 0.28-a0-1567-g1695149f81 (webtiles) character file.

Game seed: 1889481105113523287

4 dolemite99 the Twirler (level 1, 0/18 HPs)
             Began as a Minotaur Gladiator on Jan 20, 2022.
             Slain by a rat (3 damage)
             ... on level 1 of the Dungeon.
             The game lasted 00:00:11 (28 turns).

dolemite99 the Twirler (Minotaur Gladiator)           Turns: 28, Time: 00:00:12

Health: 0/18       AC:  3    Str: 18    XL:     1   Next: 50%
Magic:  0/0        EV: 12    Int:  5    God:
Gold:   26         SH:  0    Dex: 11    Spells: 0/0 levels left

rFire   . . .      SeeInvis .   a - +0 quarterstaff
rCold   . . .      Faith    .   (shield currently unavailable)
rNeg    . . .      Spirit   .   b - +0 leather armour
rPois   .          Reflect  .   c - +0 hat
rElec   .          Harm     .   (no cloak)
rCorr   .          Rampage  .   (no gloves)
Will    .....                   (no boots)
Stlth   +.........              (no amulet)
HPRegen 0.06/turn               (no ring)
MPRegen 0.07/turn               (no ring)

@: no status effects
A: horns 2, retaliatory headbutt
a: no special abilities


You were on level 1 of the Dungeon.
You visited 1 branch of the dungeon, and saw 1 of its levels.

You collected 26 gold pieces.

Inventory:

Hand Weapons
 a - a +0 quarterstaff (weapon)
Missiles
 d - 3 throwing nets (quivered)
Armour
 b - a +0 leather armour (worn)
 c - a +0 hat (worn)


   Skills:
 - Level 2.4 Fighting
 + Level 4.0 Staves
 - Level 2.0 Throwing
 - Level 3.2 Dodging


You couldn't memorise any spells.
You didn't know any spells.
Your spell library was empty.

Dungeon Overview and Level Annotations

Branches:
Dungeon (1/15)

Altars:


Innate Abilities, Weirdness & Mutations

You have a pair of horns on your head.
You reflexively headbutt those who attack you in melee.


Message History

The kobold hits you with a +0 dagger.
You sock the jackal!
You kill the jackal!
A jackal comes into view.
The kobold hits you but does no damage. The jackal closely misses you.
You barely miss the jackal.
The jackal barks!
You headbutt the jackal.
The jackal is severely wounded.
The jackal bites you. The kobold hits you with a +0 dagger.
You hit the jackal.
You kill the jackal!
The kobold closely misses you.
You hit the jackal but do no damage. The jackal closely misses you.
The kobold completely misses you. The jackal bites you.
A rat comes into view.
The kobold hits you with a +0 dagger.
You see here 7 gold pieces.
You now have 26 gold pieces (gained 7).
The jackal bites you. The kobold hits you but does no damage.
The jackal barely misses you.
A kobold comes into view. It is wielding a +0 whip.
You completely miss the jackal.
You headbutt the jackal, but do no damage.
The jackal barely misses you. The kobold hits you with a +0 dagger.
You hit the kobold.
You kill the kobold!
The jackal bites you.
* * * LOW HITPOINT WARNING * * *
The jackal closely misses you.
Your Staves skill increases to level 4!
The jackal barely misses you.
Items here: ( ) ? †.
The jackal bites you.
* * * LOW HITPOINT WARNING * * *
The jackal closely misses you.
You aren't carrying any potions.
Unknown command.
You barely miss the rat. The rat bites you.
You die...

##.#######..
#..........
#####+#......# #
#............##....
#..†..K###......#
#......# #.####.#
#......# #....#
#)hr...# ##.<.#
#.@....# #...#
#......# #####
#......# #......#
#......# #####+##


You could see a jackal, a kobold and a rat.

Vanquished Creatures
  2 jackals (D:1)
  A kobold (D:1)
3 creatures vanquished.

Notes
Turn   | Place    | Note
-------+----------+-------------------------------------------
     0 | D:1      | dolemite99 the Minotaur Gladiator began the quest for the
                  | Orb.
     0 | D:1      | Reached XP level 1. HP: 18/18 MP: 0/0
    26 | D:1      | Reached skill level 4 in Staves
    28 | D:1      | Slain by a rat

Illustrated notes

Levels and vault maps discovered:
D:1:      amcnicky_arrival_single_pillar, layout_basic

Skill      XL: |  1 |
---------------+----+-----
Staves         | 4 |  4.0
Fighting       | |  2.4
Throwing       | |  2.0
Dodging        | |  3.2

Action                   || total
-------------------------++-------
Melee: Quarterstaff      ||     8
       Headbutt          ||     3
Armor: Leather armour    ||     6
Dodge: Dodged            ||     9

Table legend: (Time is in decaauts)
 A = Elapsed time spent in this place.
 B = Non-inter-level travel time spent in this place.
 C = Inter-level travel time spent in this place.
 D = Time resting spent in this place.
 E = Time spent auto-exploring this place.
 F = Levels seen in this place.
 G = Mean time per level.
                   A        B        C        D        E       F      G
               +--------+--------+--------+--------+--------+-----+--------+
         Total |     28 |     28 |      0 |      0 |      7 |   1 |   28.0 |
       Dungeon |     28 |     28 |      0 |      0 |      7 |   1 |   28.0 |
               +--------+--------+--------+--------+--------+-----+--------+

Top non-repeatable levels by time:
     D:1: 28 daAuts
